 Dungeon Crawl Stone Soup version 0.31-a0-703-gcfe89afef6 (webtiles) character file.

Game seed: 11581323512599857107

138538 Pooter the Executioner (level 16, -8/140 (151) HPs)
             Began as a Minotaur Berserker on Sept 6, 2023.
             Was a High Priest of Trog.
             Killed from afar by a deep elf zephyrmancer (13 damage)
             ... with a bolt of lightning
             ... on level 1 of the Elven Halls on Sept 9, 2023.
             The game lasted 02:48:01 (38360 turns).

Pooter the Executioner (Minotaur Berserker)        Turns: 38360, Time: 02:48:02

HP:   -8/140 (151)  AC: 22    Str: 25    XL:     16   Next: 71%
MP:   0/15          EV: 10    Int:  6    God:    Trog [*****.]
Gold: 496           SH:  0    Dex: 13    Spells: 15/15 levels left

rFire   + + .        e - +1 executioner's axe of Tatufypt {flame, rF+}
rCold   + . .        (shield currently unavailable)
rNeg    . . .        M - +6 plate armour of Ubiquitous Miracles {*Corrode rElec Will++ Regen+}
rPois   .            N - +1 hat
rElec   +            X - scarf {rC+ rF+}
rCorr   +            r - +0 pair of gloves
SInv    .            (no boots)
Will    +++++        G - amulet of guardian spirit Stlth
                     y - +4 ring of slaying
HPRegen 2.23/turn    C - ring of resist corrosion
MPRegen 0.14/turn

%: corrode self (3%), guardian spirit
@: about to teleport, strong-willed, regenerating, drained
A: horns 2, retaliatory headbutt
a: Renounce Religion, Berserk, Trog's Hand, Brothers in Arms


You were on level 1 of the Elven Halls.
You worshipped Trog.
Trog was extremely pleased with you.
You visited 4 branches of the dungeon, and saw 23 of its levels.
You also visited: Gauntlet.

You collected 5060 gold pieces.
You spent 4564 gold pieces at shops.

Inventory:

Hand Weapons
 a - a +4 heavy executioner's axe
   (Trog gifted it to you on level 15 of the Dungeon)
 b - a +3 arbalest
   (You took it off an orc warlord on level 1 of the Orcish Mines)
 e - the +1 executioner's axe of Tatufypt (weapon) {flame, rF+}
   (Trog gifted it to you on level 12 of the Dungeon)

   rF+:       It protects you from fire.
 U - the +7 battleaxe of Chaos {venom, rC++}
   (You bought it in a shop on level 4 of the Dungeon)

   rC++:      It greatly protects you from cold.
Missiles
 s - 3 datura-tipped darts
 w - 4 curare-tipped darts
 B - 35 boomerangs (quivered)
 R - 15 javelins
 Z - 4 atropa-tipped darts
Armour
 r - a +0 pair of gloves (worn)
   (You found it on level 9 of the Dungeon)
 D - the +4 leather armour of a bazaar {Regen+ rCorr Int+3 Stlth-}
   (You found it on level 6 of the Dungeon)

   Int+3:     It affects your intelligence (+3).
   Regen+:    It increases your rate of health regeneration.
   rCorr:     It protects you from acid and corrosion.
   Stlth-:    It makes you less stealthy.
 J - the +0 cloak of Good Intentions {Fly SInv}
   (You found it in a Gauntlet)

   SInv:      It lets you see invisible.
   Fly:       It grants you flight.
 M - the +6 plate armour of Ubiquitous Miracles (worn) {*Corrode rElec Will++ Regen+}
   (You bought it in a shop on level 2 of the Orcish Mines)

   rElec:     It insulates you from electricity.
   Will++:    It greatly increases your willpower.
   Regen+:    It increases your rate of health regeneration.
   *Corrode:  It may corrode you when you take damage.
 N - a +1 hat (worn)
   (You found it on level 9 of the Dungeon)
 X - a scarf of resistance (worn)
   (You found it on level 3 of the Lair of Beasts)
 Y - the +6 chain mail of Satisfaction {rCorr Str+8}
   (You found it on level 5 of the Lair of Beasts)

   Str+8:     It affects your strength (+8).
   rCorr:     It protects you from acid and corrosion.
Jewellery
 m - the ring "Eggis" {MP+9 Dex+2}
   (You took it off an orc warrior on level 1 of the Orcish Mines)

   [ring of magical power]

   Dex+2:     It affects your dexterity (+2).
   MP+9:      It affects your magic capacity (+9).
 q - the ring "Utowohoi" {Fly rC- rN+ Str+4}
   (You found it on level 14 of the Dungeon)

   [ring of positive energy]

   Str+4:     It affects your strength (+4).
   rC-:       It makes you vulnerable to cold.
   rN+:       It protects you from negative energy.
   Fly:       It grants you flight.
 y - a +4 ring of slaying (left hand)
   (You bought it in a shop on level 12 of the Dungeon)
 z - a +6 ring of dexterity
   (You found it on level 5 of the Dungeon)
 C - a ring of resist corrosion (right hand)
   (You found it on level 10 of the Dungeon)
 G - an amulet of guardian spirit (around neck)
   (You found it on level 1 of the Lair of Beasts)
 H - the ring "Douciuca" {+Blink rPois Str+6 Int-2}
   (You found it on level 7 of the Dungeon)

   [ring of strength]

   Str+6:     It affects your strength (+6).
   Int-2:     It affects your intelligence (-2).
   rPois:     It protects you from poison +Blink: It lets you blink.
 I - a +6 ring of strength
   (You found it on level 7 of the Dungeon)
 L - an amulet of reflection
   (You acquired it on level 2 of the Orcish Mines)
 P - a ring of poison resistance
   (You found it on level 2 of the Dungeon)
 S - a ring of see invisible
   (You bought it in a shop on level 12 of the Dungeon)
 W - a ring of willpower
   (You found it on level 11 of the Dungeon)
Wands
 f - a wand of flame (42)
   (You took it off Robin on level 4 of the Dungeon)
 n - a wand of mindburst (6)
   (You bought it in a shop on level 2 of the Orcish Mines)
 p - a wand of polymorph (14)
   (You found it on level 3 of the Dungeon)
 u - a wand of paralysis (10)
   (You bought it in a shop on level 2 of the Orcish Mines)
 x - a wand of acid (13)
   (You found it on level 9 of the Dungeon)
 O - a wand of roots (20)
   (You found it on level 6 of the Dungeon)
Scrolls
 c - 2 scrolls of fog
 i - 3 scrolls of identify {@r1}
 K - 4 scrolls of noise {!r}
Potions
 d - 7 potions of curing {@q1}
 g - 2 potions of resistance
 h - 9 potions of lignification {!q}
 k - 3 potions of cancellation
 o - 4 potions of heal wounds {@q2}
 v - 2 potions of mutation {!q}
 E - 5 potions of haste {@q3}
 F - a potion of attraction {!q}
 Q - a potion of ambrosia
 V - 4 potions of enlightenment
Miscellaneous
 j - a sack of spiders
   (You found it in a Gauntlet)
 l - a phantom mirror
   (You found it in a Gauntlet)
 T - a tin of tremorstones (1/2)
   (You found it on level 11 of the Dungeon)


   Skills:
 + Level 15.8 Fighting
 * Level 21.7 Axes
 + Level 17.2 Ranged Weapons
 + Level 2.6 Throwing
 + Level 9.7 Armour
 - Level 6.8 Dodging
 - Level 9.2 Evocations


You had 15 spell levels left.
You didn't know any spells.
Your spell library was empty.

Dungeon Overview and Level Annotations

Branches:
Dungeon (15/15) Zot: 24915  Temple (0/1) D:6            Lair (5/5) D:9 Zot: 20441
 Shoals (0/4) Lair:3       Spider (0/4) Lair:3        Slime (0/5) Lair:4
    Orc (2/2) D:9 Zot: 1073     Elf (1/3) Orc:2 Zot: 4450  Vaults (0/5) D:14
 Depths (0/4) D:15        Gauntlet (visited)

Altars:
Dithmenos
Elyvilon
Gozag
Hepliaklqana
Kikubaaqudgha
Nemelex Xobeh
Ru
Sif Muna
Trog
Xom
The Shining One

Shops:
D:4 (   D:11 !(::   D:12 ==   Orc:2 *[?=   Elf:1 *

Portals:
Pandemonium: Orc:2

Annotations:
Lair:4 2 transporters, Ducw's ghost, journeyman DsFE
Orc:1 2 transporters, Rutzi's ghost, journeyman KoHu
Elf:1 1 runed translucent door


Innate Abilities, Weirdness & Mutations

You have a pair of horns on your head.
You reflexively headbutt those who attack you in melee.


Message History

* * * LOW MAGIC WARNING * * *
* * * LOW HITPOINT WARNING * * *
The deep elf archer is engulfed in blazing flames.
The deep elf high priest calls down the wrath of its god upon you.
Something smites you!
* * * LOW MAGIC WARNING * * *
* * * LOW HITPOINT WARNING * * *
Unknown command.
The tremorstone explodes into fragments!
The burst of rock shards engulfs the deep elf high priest.
The burst of rock shards engulfs the deep elf high priest!!
The burst of rock shards engulfs the fire elemental!
The burst of rock shards engulfs the deep elf zephyrmancer.
Trog accepts your kill.
Trog appreciates your killing of a magic user.
The burst of rock shards engulfs the deep elf archer.
The burst of rock shards engulfs the deep elf archer!
The burst of rock shards engulfs something!!
The burst of rock shards engulfs you but does no damage.
The burst of rock shards engulfs the deep elf archer!!
The burst of rock shards engulfs the fire elemental!!
You destroy the fire elemental!
The fire elemental disappears in a puff of smoke!
The burst of rock shards engulfs the deep elf high priest!
The burst of rock shards engulfs something!
Trog accepts your kill.
Trog appreciates your killing of a magic user.
You feel a bit more experienced.
The burst of rock shards engulfs the deep elf high priest!
The burst of rock shards engulfs the deep elf pyromancer!!
Flame seeps out of the deep elf pyromancer.
The burst of rock shards engulfs the deep elf pyromancer!!
Trog accepts your kill.
Trog appreciates your killing of a magic user.
The burst of rock shards engulfs the deep elf archer!
The burst of rock shards engulfs the deep elf high priest!!
You kill the deep elf high priest!
Trog accepts your kill.
The burst of rock shards engulfs the deep elf high priest.
The burst of rock shards engulfs the deep elf archer!
You kill the deep elf archer!
Trog accepts your kill.
Trog appreciates your killing of a magic user.
The burst of rock shards engulfs the deep elf high priest!
You kill the deep elf high priest!
Trog accepts your kill.
The deep elf pyromancer explodes!
The deep elf zephyrmancer explodes!
The deep elf zephyrmancer points at you and mumbles some strange words.
The bolt of lightning hits you! You resist.
You die...

..e.. +.# #..#☼
#.# $☼..○'.#
.$○☼)☼'.#
#.°#e§#§#
.§§☼☼§)§# ####
.§○§)§§§# ##..#
#@# #(..#####
####.#
........#####.#..#
...........##...##
........##.##.###
#.....#.##.##.#
##...##.......#
##########.####
......####.#


You could see a deep elf zephyrmancer (empowered).

Vanquished Creatures
  Frances (D:13)
  Roxanne (D:15)
  A deep elf sorcerer (Elf:1)
  A deep elf elementalist (Elf:1)
  A balrug (Gauntlet)
  4 orc warlords (Orc:1)
  Nessos (D:13)
  The ghost of Paidunot the Warrior, a journeyman BaHu of Nemelex Xobeh (D:14)
  A minotaur (Gauntlet)
  A deep elf demonologist (Elf:1)
  2 dire elephants
  A deep elf annihilator (Elf:1)
  A deep elf death mage (Elf:1)
  Snorg (D:11)
  Azrael (D:13)
  A fire dragon (D:11)
  Josephine (D:13)
  3 deep elf high priests (Elf:1)
  5 hydras
  4 vault guards (D:14)
  A demonspawn (Orc:2)
  An ogre mage (D:11)
  2 catoblepae
  4 boulder beetles
  7 centaur warriors
  2 two-headed ogres
  3 tengu warriors
  2 dancing weapons (Elf:1)
  4 orc high priests (Orc:2)
  2 storm dragon zombies (D:14)
  6 deep elf knights (Elf:1)
  A sixfirhy (Orc:2)
  A skyshark (Lair:4)
  5 skeletal warriors (D:15)
  Lodul (D:14)
  Pikel (D:6)
  6 deep elf archers (Elf:1)
  8 orc knights
  10 ugly things
  7 orc sorcerers (Orc:2)
  21 deep elf pyromancers
  11 deep elf zephyrmancers (Elf:1)
  A salamander (shapeshifter) (D:14)
  A wolf spider (D:15)
  5 manticores
  A frost giant zombie (D:14)
  12 cyclopes
  A salamander (D:15)
  4 elephants (Lair:5)
  3 black mambas
  2 gargoyles
  A storm dragon simulacrum (D:14)
  2 torpor snails (Lair:5)
  8 cane toads
  5 rime drakes
  2 unseen horrors
  7 komodo dragons
  4 kobold demonologists
  An efreet (D:11)
  A freezing wraith (D:11)
  A spark wasp simulacrum (D:14)
  2 tengu conjurers
  2 red devils (Orc:2)
  10 trolls
  2 tengu simulacra (D:14)
  A hornet (D:10)
  10 polar bears (Lair:5)
  8 blink frogs
  8 slime creatures
  A jumping spider (shapeshifter) (D:15)
  A centaur simulacrum (D:15)
  Sigmund (D:6)
  2 air elementals (Elf:1)
  56 yaks
  A shadow (D:11)
  A spriggan (shapeshifter) (D:14)
  10 wyverns
  7 wraiths
  7 fire elementals
  10 basilisks
  3 water elementals (Elf:1)
  Grum (D:11)
  3 vampire mosquitoes
  3 steam dragons
  2 chaos spawn (Orc:2)
  13 wargs
  19 hell hounds
  7 acid dragons
  14 water moccasins
  A floating eye (Lair:3)
  A spectral tengu (D:14)
  44 orc warriors
  12 black bears
  3 sky beasts
  6 ice beasts (D:9)
  An ogre (shapeshifter) (D:11)
  10 centaurs
  13 ogres
  43 wolves
  A boggart (D:11)
  4 phantoms
  3 kobold brigands
  2 earth elementals (Elf:1)
  A gnoll sergeant (D:7)
  13 bullfrogs
  A glowing shapeshifter simulacrum (D:14)
  3 scorpions
  4 wights (D:7)
  19 killer bees
  5 howler monkeys
  An electric eel (Lair:5)
  2 hounds
  Crazy Yiuf (D:7)
  32 orc priests
  7 jellies
  2 gnoll boudas
  Terence (D:2)
  4 iguanas
  14 orc wizards
  6 hell rats
  Robin (D:4)
  14 gnolls
  6 adders
  3 shadow imps
  2 white imps
  An ufetubus (D:7)
  3 worms
  2 dart slugs (D:4)
  87 orcs
  9 ball pythons
  6 endoplasms
  2 giant cockroaches
  14 goblins
  15 hobgoblins
  2 jackals (D:1)
  3 bats
  A frilled lizard (D:1)
  26 kobolds
  6 rats
869 creatures vanquished.

Vanquished Creatures (collateral kills)
  2 rime drakes (D:15)
  6 wyverns (D:15)
  2 basilisks (D:15)
  2 hell rats (D:15)
  An orc wizard (Orc:1)
13 creatures vanquished.

Vanquished Creatures (others)
  A hydra (D:11)
  A deep elf knight (Elf:1)
  A spectral tengu (D:14)
3 creatures vanquished.

Grand Total: 885 creatures vanquished

Notes
Turn   | Place    | Note
-------+----------+-------------------------------------------
     0 | D:1      | Pooter the Minotaur Berserker began the quest for the Orb.
     0 | D:1      | Reached XP level 1. HP: 19/19 MP: 0/0
    88 | D:1      | Reached skill level 4 in Axes
   158 | D:1      | Reached XP level 2. HP: 26/27 MP: 1/1
   327 | D:1      | You fall into a shaft and drop 1 floor!
   444 | D:2      | Reached ** piety under Trog
   644 | D:2      | Noticed Terence
   660 | D:2      | Killed Terence
   661 | D:2      | Reached skill level 1 in Ranged Weapons
   661 | D:2      | Reached XP level 3. HP: 6/33 MP: 2/2
  1031 | D:1      | Found a faded altar of an unknown god.
  1459 | D:3      | Reached skill level 5 in Axes
  1541 | D:3      | Noticed a phantom
  1546 | D:3      | Killed a phantom
  1547 | D:3      | Reached XP level 4. HP: 36/41 MP: 3/3
  1547 | D:3      | Reached XP level 5. HP: 41/47 MP: 4/4
  1605 | D:3      | Found a sacrificial altar of Ru.
  2061 | D:4      | Noticed an ogre
  2067 | D:4      | Killed an ogre
  2068 | D:4      | Reached skill level 6 in Axes
  2068 | D:4      | Reached XP level 6. HP: 32/55 MP: 5/5
  2212 | D:4      | Reached skill level 5 in Fighting
  2277 | D:4      | Found Hynuunub's Antique Weapon Boutique.
  2302 | D:4      | Noticed Robin
  2310 | D:4      | Killed Robin
  2350 | D:4      | Reached *** piety under Trog
  2459 | D:4      | Identified the +1 helmet "Forget-Me-Not" {Fly rF+ rN+}
  2862 | D:5      | Entered Level 5 of the Dungeon
  2939 | D:5      | Reached XP level 7. HP: 61/61 MP: 6/6
  2951 | D:5      | Reached skill level 7 in Axes
  2974 | D:5      | Reached skill level 5 in Ranged Weapons
  3352 | D:5      | Reached skill level 8 in Axes
  3457 | D:6      | Reached XP level 8. HP: 62/70 MP: 7/7
  3617 | D:6      | Found an opulent altar of Gozag.
  3618 | D:6      | Noticed Sigmund
  3621 | D:6      | Found an ancient bone altar of Kikubaaqudgha.
  3622 | D:6      | Found a shimmering altar of Xom.
  3629 | D:6      | Killed Sigmund
  3630 | D:6      | Reached skill level 9 in Axes
  3675 | D:6      | Found a white marble altar of Elyvilon.
  3739 | D:6      | Identified the +4 leather armour of a bazaar {Regen+ rCorr
                  | Int+3 Stlth-}
  3784 | D:6      | Identified the +9 ring mail "Jeutzeab" {*Corrode Int+2
                  | Dex+6}
  3823 | D:6      | Noticed Pikel
  3824 | D:6      | Found a staircase to the Ecumenical Temple.
  3827 | D:6      | Killed Pikel
  3828 | D:6      | Reached skill level 10 in Axes
  3828 | D:6      | Reached XP level 9. HP: 79/79 MP: 8/8
  4028 | D:6      | Found a shimmering blue altar of Sif Muna.
  4246 | D:7      | Identified the ring "Douciuca" {+Blink rPois Str+6 Int-2}
  4552 | D:7      | Reached skill level 11 in Axes
  4639 | D:7      | Reached skill level 1 in Evocations
  4646 | D:7      | Noticed a komodo dragon
  4652 | D:7      | Killed a komodo dragon
  4830 | D:7      | Reached **** piety under Trog
  4908 | D:7      | Reached XP level 10. HP: 78/88 MP: 9/9
  5153 | D:7      | Found a runed translucent door.
  5154 | D:7      | Noticed Crazy Yiuf
  5162 | D:7      | Killed Crazy Yiuf
  5594 | D:8      | Found a bloodstained altar of Trog.
  5651 | D:8      | Reached skill level 10 in Ranged Weapons
  5871 | D:8      | Found a hazy altar of Hepliaklqana.
  6339 | D:9      | Reached skill level 12 in Axes
  6551 | D:9      | Found a staircase to the Orcish Mines.
  6826 | D:9      | Found a staircase to the Lair.
  6838 | D:8      | Reached skill level 13 in Axes
  6838 | D:8      | Reached XP level 11. HP: 89/97 MP: 10/10
  7507 | D:9      | Found a glowing golden altar of the Shining One.
  7599 | D:9      | Upgraded the game from 0.31-a0-691-g409c26aa35 to
                  | 0.31-a0-700-gf13585253f
  7622 | D:10     | Entered Level 10 of the Dungeon
  7915 | D:4      | Bought a steaming battleaxe for 287 gold pieces
  7915 | D:4      | Identified the +7 battleaxe of Chaos {venom, rC++} (You
                  | bought it in a shop on level 4 of the Dungeon)
  8057 | D:10     | Found a shadowy altar of Dithmenos.
  8063 | D:10     | Noticed a sun demon
  8065 | D:10     | Reached skill level 10 in Fighting
  8438 | D:10     | Identified the +4 dagger of Coidiwur {flame, Stlth+}
  8546 | Lair:1   | Entered Level 1 of the Lair of Beasts
  8607 | Lair:1   | Reached skill level 14 in Axes
  9078 | Lair:1   | Reached ***** piety under Trog
  9085 | Lair:1   | Reached skill level 5 in Evocations
  9531 | Lair:2   | Reached XP level 12. HP: 108/108 MP: 11/11
  9972 | Lair:2   | Reached skill level 15 in Axes
 10725 | Lair:3   | Noticed a catoblepas
 10730 | Lair:3   | Killed a catoblepas
 10929 | Lair:3   | You fall into a shaft and drop 2 floors!
 10929 | Lair:5   | Entered Level 5 of the Lair of Beasts
 11301 | Lair:3   | Found a staircase to the Shoals.
 11630 | Lair:3   | Noticed an eight-headed hydra
 11640 | Lair:3   | Killed a 13-headed hydra
 11976 | Lair:3   | Found a hole to the Spider Nest.
 11979 | Lair:3   | Paralysed by a floating eye for 2 turns
 12268 | Lair:4   | Found a staircase to the Slime Pits.
 12320 | Lair:4   | Reached skill level 16 in Axes
 12592 | Lair:4   | Found a transporter.
 12596 | Lair:4   | Found a transporter.
 12607 | Lair:4   | Noticed Ducw's ghost (journeyman DsFE)
 12836 | Lair:4   | Received a gift from Trog
 13127 | Lair:4   | Reached XP level 13. HP: 99/117 MP: 9/12
 13401 | Lair:5   | Noticed a dire elephant
 14009 | Lair:5   | Killed a dire elephant
 16760 | Lair:5   | Reached skill level 15 in Ranged Weapons
 16852 | Lair:5   | Identified the +6 chain mail of Satisfaction {rCorr Str+8}
 16869 | Lair:5   | Reached skill level 17 in Axes
 17575 | D:11     | Found Neulien's Distillery.
 17585 | D:11     | Bought a potion of heal wounds for 80 gold pieces
 17585 | D:11     | Bought a potion of degeneration for 16 gold pieces
 17585 | D:11     | Bought a potion of might for 64 gold pieces
 17585 | D:11     | Bought a potion of haste for 160 gold pieces
 17585 | D:11     | Bought a potion of might for 64 gold pieces
 17672 | D:11     | Found Museaq's Book Shoppe.
 17682 | D:11     | Found Xobrea's Antique Weapon Emporium.
 17687 | D:11     | Noticed Snorg
 17701 | D:11     | Killed Snorg
 18097 | D:11     | Noticed Grum
 18104 | D:11     | Killed Grum
 18594 | D:11     | Reached XP level 14. HP: 116/127 MP: 11/13
 18773 | D:11     | Identified the staff "Nafaps" {rC+ rCorr Str+5 Int-3 Stlth+
                  | Ice}
 18799 | D:11     | Reached skill level 18 in Axes
 19265 | D:11     | Found Dunawn's Book Emporium.
 19347 | D:11     | Found Woezaset's Book Boutique.
 19651 | D:11     | Identified the +4 ring mail of Context {Str+4}
 19731 | D:12     | Found Zemutite's Jewellery Shop.
 19754 | D:12     | Found Temeini's Jewellery Shop.
 19771 | D:12     | Found a gate leading to a gauntlet.
 19780 | Gauntlet | Entered a Gauntlet
 19780 | Gauntlet | Found a transporter.
 19780 | Gauntlet | Found a transporter.
 19781 | Gauntlet | Found a transporter.
 19784 | Gauntlet | Found a transporter.
 19785 | Gauntlet | Found a transporter.
 19799 | Gauntlet | Found a transporter.
 19806 | Gauntlet | Noticed a balrug
 19841 | Gauntlet | Found a transporter.
 19847 | Gauntlet | Killed a balrug
 19894 | Gauntlet | Identified the +0 cloak of Good Intentions {Fly SInv}
 19983 | Gauntlet | Identified the +2 leather armour "Daaklats" {rC- Str+6}
 19992 | D:12     | Identified the +7 leather armour "Sigut" {rC+++ Regen+
                  | Dex-3}
 20032 | D:12     | Identified the +1 executioner's axe of Tatufypt {flame,
                  | rF+} (Trog gifted it to you on level 12 of the Dungeon)
 20032 | D:12     | Received a gift from Trog
 20206 | D:12     | Bought a ring of see invisible for 210 gold pieces
 20206 | D:12     | Bought a +4 ring of slaying for 1092 gold pieces
 20482 | D:12     | Found a sparkling altar of Nemelex Xobeh.
 20630 | Orc:1    | Entered Level 1 of the Orcish Mines
 21900 | Orc:1    | Identified the +11 great mace of Ytube {flame, Str+3}
 21905 | Orc:1    | Found a transporter.
 21906 | Orc:1    | Noticed Rutzi's ghost (journeyman KoHu)
 21912 | Orc:1    | Found a transporter.
 21919 | Orc:1    | Noticed an orc warlord
 21935 | Orc:1    | Killed an orc warlord
 21938 | Orc:1    | Noticed an orc warlord
 21950 | Orc:1    | Killed an orc warlord
 21962 | Orc:1    | Noticed an orc warlord
 21978 | Orc:1    | Killed an orc warlord
 22070 | Orc:1    | Noticed an orc warlord
 23087 | Orc:1    | Killed an orc warlord
 23254 | Orc:1    | Identified the ring "Eggis" {MP+9 Dex+2}
 23496 | Orc:2    | Entered Level 2 of the Orcish Mines
 23876 | Orc:2    | Reached skill level 19 in Axes
 23877 | Orc:2    | Upgraded the game from 0.31-a0-700-gf13585253f to
                  | 0.31-a0-702-gf82c85558f
 23889 | Orc:2    | Reached skill level 5 in Armour
 25032 | Orc:2    | Found a staircase to the Elven Halls.
 26740 | Orc:2    | Found Baufriprui's General Store.
 27316 | Orc:2    | Found Nagguqor's Magic Scroll Emporium.
 28371 | Orc:2    | Bought a wand of mindburst (6) for 126 gold pieces
 28371 | Orc:2    | Bought a wand of paralysis (4) for 144 gold pieces
 28371 | Orc:2    | Bought 2 potions of cancellation for 240 gold pieces
 28377 | Orc:2    | Bought a scroll of identify for 36 gold pieces
 28377 | Orc:2    | Bought a scroll of identify for 36 gold pieces
 28377 | Orc:2    | Bought a scroll of enchant weapon for 135 gold pieces
 28377 | Orc:2    | Bought a scroll of acquirement for 936 gold pieces
 28377 | Orc:2    | Acquired an amulet of reflection
 29351 | Orc:2    | Reached skill level 5 in Dodging
 29564 | Orc:2    | Bought a scroll of teleportation for 54 gold pieces
 29691 | Orc:2    | Reached XP level 15. HP: 132/137 MP: 12/14
 31042 | Orc:2    | Found Daipapil's Antique Armour Boutique.
 31042 | Orc:2    | Found Noanaaw's Jewellery Shop.
 31043 | Orc:2    | Found a one-way gate leading to the halls of Pandemonium.
 31239 | D:13     | Noticed Nessos
 31250 | D:13     | Killed Nessos
 31255 | D:13     | Noticed Josephine
 31259 | D:13     | Killed Josephine
 31533 | D:13     | Noticed Frances
 31544 | D:13     | Killed Frances
 32862 | D:13     | Noticed Azrael
 32879 | D:13     | Killed Azrael
 33248 | D:14     | Found a runed translucent gate.
 33248 | D:14     | Found a runed translucent gate.
 33248 | D:14     | Found a runed translucent gate.
 33495 | D:14     | Noticed Lodul
 33505 | D:14     | Killed Lodul
 33834 | D:14     | Found a gate to the Vaults.
 33845 | D:14     | Reached skill level 20 in Axes
 34149 | D:14     | Noticed Paidunot's ghost (journeyman BaHu)
 34350 | D:14     | Found a glowing golden altar of the Shining One.
 34438 | D:14     | Killed Paidunot's ghost
 34471 | D:14     | Identified the +5 scimitar of Ugimimer {elec, rN+ Str+3}
 34472 | D:14     | Identified the ring "Utowohoi" {Fly rC- rN+ Str+4}
 34496 | D:15     | Entered Level 15 of the Dungeon
 35128 | D:15     | Received a gift from Trog
 35374 | D:15     | Reached skill level 15 in Fighting
 35374 | D:15     | Reached XP level 16. HP: 58/149 MP: 7/15
 35829 | Orc:2    | Bought a warped plate armour for 812 gold pieces
 35829 | Orc:2    | Identified the +6 plate armour of Ubiquitous Miracles
                  | {*Corrode rElec Will++ Regen+} (You bought it in a shop on
                  | level 2 of the Orcish Mines)
 36006 | D:15     | Noticed Roxanne
 36012 | D:15     | Killed Roxanne
 36381 | Orc:2    | Bought a scroll of immolation for 72 gold pieces
 36527 | D:15     | Found a staircase to the Depths.
 36722 | D:15     | Upgraded the game from 0.31-a0-702-gf82c85558f to
                  | 0.31-a0-703-gcfe89afef6
 36850 | Elf:1    | Entered Level 1 of the Elven Halls
 36850 | Elf:1    | Found a runed translucent gate.
 36850 | Elf:1    | Found a runed translucent gate.
 36850 | Elf:1    | Found a runed translucent gate.
 36850 | Elf:1    | Found a runed translucent gate.
 36850 | Elf:1    | Found a runed translucent gate.
 36850 | Elf:1    | Found a runed translucent gate.
 36853 | Elf:1    | Found a runed translucent door.
 36858 | Elf:1    | Reached skill level 21 in Axes
 36860 | Elf:1    | Found a runed translucent door.
 37358 | Elf:1    | Reached skill level 1 in Throwing
 37722 | Elf:1    | Paralysed by an air elemental for 1 turns
 38086 | Elf:1    | Found Fatulien's Mass Market.
 38350 | Elf:1    | Identified the ring of Harmony {rElec AC+4}
 38359 | Elf:1    | HP: 3/140 [deep elf high priest/divine providence (8)]
 38360 | Elf:1    | Killed from afar by a deep elf zephyrmancer

Illustrated notes

Levels and vault maps discovered:
D:1:      dpeg_arrival_rooms_a, layout_loops_cross,
          dreamdust_ecumenical_altar_sealed_demon
D:2:      layout_loops_ring, uniq_terence
D:3:      layout_rooms, nicolae_ru_sacrificial_ziggurat
D:4:      layout_loops_ring, serial_shops, shop, grunt_ministairs_3, uniq_robin
D:5:      layout_rooms, corexii_item_surrounded_by_moat
D:6:      layout_basic, mainiacjoe_overflow_catwalk, grunt_temple_overflow_open,
          minmay_temple_entry_ruins, uniq_sigmund, uniq_pikel
D:7:      minmay_octagon_keep, layout_loops_cross, uniq_crazy_yiuf_cottage
D:8:      layout_loops_ring, mainiacjoe_overflow_brackets, kennysheep_mini,
          david_defended_altar_orc, uniq_psyche
D:9:      layout_stronghold, mainiacjoe_overflow_tiny_flanked,
          hellmonk_lair_entry_icy, david_orc_5
D:10:     layout_basic, lemuel_crystal_altar
D:11:     minmay_the_grid_square_5x5_4x4
          [minmay_the_grid_square_5x5_broken_cross,
          minmay_the_grid_square_5x5_percent, minmay_the_grid_square_5x5_c,
          minmay_the_grid_square_5x5_tetrominoes,
          minmay_the_grid_square_5x5_gyroscope,
          minmay_the_grid_square_5x5_prize_gold,
          minmay_the_grid_square_5x5_prize_snowflake,
          minmay_the_grid_square_5x5_empty, minmay_the_grid_square_5x5_slash,
          minmay_the_grid_square_5x5_prize_waves,
          minmay_the_grid_square_5x5_prize_deathbox,
          minmay_the_grid_square_5x5_dogpile,
          minmay_the_grid_square_5x5_minibox,
          minmay_the_grid_square_5x5_checkered_sparse,
          minmay_the_grid_square_5x5_eight_small,
          minmay_the_grid_square_5x5_tri_point], layout_stronghold,
          serial_shops, nicolae_shop_window_shopping,
          nicolae_shop_rolling_square, nicolae_stop_n_shop_1, shop, shop,
          st_stairs_7, uniq_snorg, uniq_grum
D:12:     layout_roguey, gauntlet_entry_generic, serial_shops,
          nicolae_shop_statue_plus, shop, nemelex_spade_bored_becter
D:13:     layout_basic, nicolae_figureground_sparkle, uniq_azrael, uniq_frances,
          uniq_josephine, uniq_nessos
D:14:     layout_stronghold, lightli_vaults_fourway_checkpoint,
          kennysheep_cross_bottleneck, gammafunk_ghost_necromancy,
          nicolae_tso_swordbearing_angel, uniq_lodul
D:15:     hangedman_depths_entry_try_elsewhere_first, layout_rooms,
          serial_park_square3 [serial_park_minivault_5x5_1], special_room
          [special_room_mythical_zoo], st_stairs_11, uniq_roxanne
Lair:1:   layout_cave_pods, grunt_megastairs_3
Lair:2:   layout_cave_pods
Lair:3:   layout_regular_city, minmay_shoals_entry_centaurs,
          nicolae_spider_entry_orb_guardian, hibernation_bobbens
Lair:4:   layout_cave_pods, nicolae_slime_entry_field_trip, gammafunk_ghost_hive
Lair:5:   hangedman_lair_caniforms_friends, layout_cave_shapes,
          chequers_serial_rivers_large_a, serial_bayou_shore_a
Orc:1:    cheibrodos_orc_bank, layout_caves, gammafunk_ghost_smash,
          minmay_orc_treasury
Orc:2:    pf_orc_diabolical, layout_caves
Elf:1:    nicolae_elf_arrival_dilemma, layout_loops_cross, serial_shops,
          nicolae_shop_behind_doors, orc_legates, minivault_20,
          dreamdust_deal_with_the_devil, minmay_shop_mass, minivault_25_ag,
          minmay_elf_demonology

Skill      XL: |  1  2  3  4  5  6  7  8  9 10 11 12 13 14 15 16 |
---------------+-------------------------------------------------+-----
Axes           | 4 5 6 8 10 11 13 14 16 17 19 20 21 | 21.7
Fighting       | 4 5 6 7 8 9 10 11 12 13 15 | 15.8
Ranged Weapons | 1 2 3 4 6 8 9 11 12 14 15 16 17 | 17.2
Evocations     | 1 3 5 6 7 8 9 |  9.2
Armour         | 5 8 9 |  9.7
Dodging        | 5 6 |  6.8
Throwing       | 2 |  2.6

Action                     |  1- 3 |  4- 6 |  7- 9 | 10-12 | 13-15 | 16-18 || total
---------------------------+-------+-------+-------+-------+-------+-------++-------
  Melee: Hand axe          |    57 |       |       |       |       |       ||    57
         Headbutt          |    11 |     5 |     9 |    50 |   128 |    29 ||   232
         Punch             |     1 |       |       |       |       |       ||     1
         War axe           |     5 |    46 |    95 |   391 |    15 |       ||   552
         Battleaxe         |       |       |       |       |   387 |       ||   387
         Executioner's axe |       |       |       |       |   185 |   124 ||   309
         Great mace        |       |       |       |       |     3 |       ||     3
   Fire: Sling             |    40 |    55 |    30 |    19 |       |       ||   144
         Orcbow            |       |       |       |       |    97 |       ||    97
         Shortbow          |       |       |       |       |   119 |       ||   119
         Arbalest          |       |       |       |       |   269 |    72 ||   341
  Throw: Dart              |       |       |     3 |    15 |    12 |       ||    30
         Boomerang         |       |       |       |       |       |    10 ||    10
 Invoke: Trog's Hand       |       |       |     3 |    13 |    30 |    10 ||    56
         Berserk           |       |       |     4 |    10 |    17 |     1 ||    32
  Evoke: Wand              |       |       |       |     6 |     7 |     3 ||    16
         Tin of tremorston |       |       |       |       |     2 |     3 ||     5
         Sack of spiders   |       |       |       |       |     1 |     1 ||     2
    Use: Scroll            |     2 |     1 |     1 |    16 |    24 |     4 ||    48
         Potion            |       |       |       |       |     8 |     2 ||    10
   Stab: Paralysed         |       |       |       |       |     3 |       ||     3
 Armour: Animal skin       |    22 |       |       |       |       |       ||    22
         Ring mail         |    21 |     4 |       |       |       |       ||    25
         Scale mail        |       |    33 |    54 |       |       |       ||    87
         Leather armour    |       |       |    43 |    74 |       |       ||   117
         Plate armour      |       |       |       |   430 |   208 |   231 ||   869
         Chain mail        |       |       |       |       |   513 |     2 ||   515
  Dodge: Dodged            |    32 |    27 |    52 |   155 |   320 |    68 ||   654
  Block: Tower shield      |    13 |    38 |    86 |   285 |    15 |       ||   437

Table legend: (Time is in decaauts)
 A = Elapsed time spent in this place.
 B = Non-inter-level travel time spent in this place.
 C = Inter-level travel time spent in this place.
 D = Time resting spent in this place.
 E = Time spent auto-exploring this place.
 F = Levels seen in this place.
 G = Mean time per level.
                   A        B        C        D        E       F      G
               +--------+--------+--------+--------+--------+-----+--------+
         Total |  39019 |  37040 |   1979 |  17538 |  13953 |  24 | 1625.8 |
       Dungeon |  17223 |  16022 |   1201 |   4804 |   8278 |  15 | 1148.2 |
          Lair |   9093 |   8707 |    386 |   3374 |   4253 |   5 | 1818.6 |
  Orcish Mines |  10926 |  10535 |    391 |   8532 |   1005 |   2 | 5463.0 |
   Elven Halls |   1548 |   1548 |      0 |    718 |    417 |   1 | 1548.0 |
      Gauntlet |    227 |    227 |      0 |    108 |      0 |   1 |  227.0 |
               +--------+--------+--------+--------+--------+-----+--------+

Top non-repeatable levels by time:
   Orc:2: 7931 daAuts
  Lair:5: 3828 daAuts
   Orc:1: 2994 daAuts
    D:11: 2205 daAuts
    D:13: 1899 daAuts
    D:15: 1744 daAuts
  Lair:4: 1574 daAuts
   Elf:1: 1548 daAuts
     D:9: 1546 daAuts
    D:14: 1530 daAuts
  Lair:3: 1403 daAuts
  Lair:2: 1218 daAuts
     D:8: 1179 daAuts
     D:7: 1134 daAuts
  Lair:1: 1068 daAuts
